 Dungeon Sprint DCSS version 0.21.1-1-g345015f (webtiles) character file.

4691 sanboga the Severer (level 10, -5/73 HPs)
             Began as a Gargoyle Berserker on June 4, 2018.
             Was an Elder of Trog.
             Slain by a demonic crawler (6 damage)
             ... in the Dungeon (Sprint I: "Red Sonja").
             The game lasted 00:02:58 (777 turns).

sanboga the Severer (Gargoyle Berserker)             Turns: 777, Time: 00:02:59

Health: -5/73      AC: 17    Str: 22    XL:     10   Next: 44%
Magic:  10/10      EV: 11    Int:  8    God:    Trog [****..]
Gold:   213        SH:  0    Dex:  9    Spells: 9/9 levels left

rFire    . . .     SeeInvis .   a - +0 hand axe
rCold    . . .     Gourm    .   (no shield)
rNeg     + . .     Faith    .   j - +2 ring mail {rPois}
rPois    ∞         Spirit   .   (no helmet)
rElec    +         Reflect  .   (no cloak)
rCorr    .         Harm     .   (no gloves)
MR       .....     NoTele   +   (no boots)
Stlth    ..........             (no amulet)
HPRegen  0.22/turn              (no ring)
MPRegen  0.12/turn              (no ring)

@: berserk cooldown, starving, slowed, very slow
A: negative energy resistance 1, electricity resistance, weak 1, wild magic 1,
unbreathing, petrification resistance, rot immunity, AC +7
a: Berserk, Trog's Hand, Brothers in Arms, Burn Spellbooks, Renounce Religion


You were in the Dungeon.
You worshipped Trog.
Trog was greatly pleased with you.
You were starving.

You visited 1 branch You collected 405 gold pieces.
You spent 192 gold pieces at shops.

Inventory:

Hand Weapons
 a - a +0 hand axe (weapon)
Armour
 j - a +2 ring mail of poison resistance (worn)
Wands
 b - a wand of digging (6)
Scrolls
 i - a scroll of blinking
Potions
 d - a potion of curing
 f - a potion of haste
 g - 2 potions of magic
 h - a potion of berserk rage
Comestibles
 c - a ration


   Skills:
 + Level 13.4 Fighting
 * Level 15.3 Axes
 + Level 13.2 Armour
 - Level 1.5 Dodging


You had 9 spell levels left.
You didn't know any spells.

Dungeon Overview and Level Annotations

Branches:
Dungeon (1/1)

Altars:
Cheibriados
Dithmenos
Elyvilon
Fedhas
Gozag
Hepliaklqana
Kikubaaqudgha
Makhleb
Nemelex Xobeh
Okawaru
Qazlal
Ru
Sif Muna
Trog
Uskayaw
Vehumet
Wu Jian
Xom
Yredelemnul
Zin
The Shining One
Jiyva
Lugonu

Shops:
D ![[}*?


Innate Abilities, Weirdness & Mutations

You are resistant to torment.
Your stone body is resilient. (AC +7)
You are immune to poison.
You resist negative energy. (rN+)
You are resistant to electric shocks. (rElec)
You can survive without breathing.
You are immune to petrification.
You are immune to rotting.
You are weak. (Str -2)
Your spells are a little harder to cast, but a little more powerful.


Message History

The demonic crawler hits you.
* * * LOW HITPOINT WARNING * * *
The demonic crawler misses you.
The demonic crawler hits you but does no damage.
The demonic crawler misses you. The demonic crawler hits you.
* * * LOW HITPOINT WARNING * * *
The demonic crawler barely misses you. The demonic crawler misses you.
The demonic crawler closely misses you.
The demonic crawler barely misses you. x2
The demonic crawler hits you but does no damage.
Your ogre goes berserk!
You are starving!
Trog will no longer gift you weapons.
The demonic crawler hits you but does no damage. x3
The demonic crawler barely misses you. x2
The demonic crawler closely misses you. The demonic crawler hits you!
* * * LOW HITPOINT WARNING * * *
The demonic crawler hits you.
* * * LOW HITPOINT WARNING * * *
The demonic crawler hits you.
You die...

######################***********
.[)..#..'..#__#O@ssK5#,,*,,,,+,,,
).#..').#..'^.'$s#s5.#*+*,****,,,
####'#.###'#__####,5.'..*,*,***,,
###..#...#(####,,***##..+,*+*,***
__####..##.#≈≈≈,,*,,**+#***,,,*,*
_____##'#_.+≈≈≈,,+,,*,,,,,*,,,***
_.∩...'.(._#≈≈≈,,*,,*,,,,,+,,,,,*
_..__##_.#'#*+*****+***,,,*,,,,,*
_____###(#.#,,,,***,+,*,,,***++**


You could see 4 demonic crawlers, a kobold demonologist, an iron imp, a white
imp, a shadow imp and a friendly ogre (berserk).

Vanquished Creatures
  Sonja (D)
  8 shining eyes (D)
  A slime creature (D)
  Sigmund (D)
  A yak (D)
  5 floating eyes (D)
  An ogre (D)
  A jelly (D)
  Ijyb (D)
20 creatures vanquished.

Notes
Turn   | Place    | Note
-------+----------+-------------------------------------------
     0 | D        | sanboga the Gargoyle Berserker began the quest for the Orb.
     0 | D        | Reached XP level 1. HP: 14/14 MP: 1/1
     2 | D        | Noticed Ijyb
    10 | D        | Killed Ijyb
    10 | D        | Reached skill level 4 in Axes
    10 | D        | Reached XP level 2. HP: 20/20 MP: 2/2
    10 | D        | Reached XP level 3. HP: 24/24 MP: 3/3
    47 | D        | Noticed an ogre
    52 | D        | Killed an ogre
    52 | D        | Reached skill level 6 in Axes
    52 | D        | Reached skill level 5 in Armour
    52 | D        | Reached XP level 4. HP: 32/32 MP: 4/4
    98 | D        | Noticed Sigmund
   117 | D        | Killed Sigmund
   117 | D        | Reached ** piety under Trog
   117 | D        | Reached skill level 8 in Axes
   117 | D        | Reached XP level 5. HP: 19/38 MP: 5/5
   117 | D        | Reached XP level 6. HP: 22/44 MP: 6/6
   304 | D        | Found an ornate altar of the Wu Jian Council.
   304 | D        | Found a deep blue altar of Sif Muna.
   306 | D        | Found a radiant altar of Vehumet.
   403 | D        | Found a burning altar of Makhleb.
   403 | D        | Found a viscous altar of Jiyva.
   403 | D        | Found a shimmering altar of Xom.
   403 | D        | Found a corrupted altar of Lugonu.
   403 | D        | Noticed a slime creature
   409 | D        | Killed a slime creature
   409 | D        | Reached skill level 9 in Axes
   409 | D        | Reached XP level 7. HP: 50/50 MP: 7/7
   425 | D        | Found Plog's Gadget Emporium.
   425 | D        | Found an ancient bone altar of Kikubaaqudgha.
   425 | D        | Found a hazy altar of Hepliaklqana.
   425 | D        | Found a stormy altar of Qazlal.
   425 | D        | Found a hide-covered altar of Uskayaw.
   425 | D        | Found a blossoming altar of Fedhas.
   425 | D        | Found a bloodstained altar of Trog.
   425 | D        | Found an iron altar of Okawaru.
   425 | D        | Found a basalt altar of Yredelemnul.
   425 | D        | Found a glowing golden altar of the Shining One.
   425 | D        | Found a snail-covered altar of Cheibriados.
   425 | D        | Found a sacrificial altar of Ru.
   425 | D        | Found a glowing silver altar of Zin.
   425 | D        | Found a shadowy altar of Dithmenos.
   425 | D        | Found a white marble altar of Elyvilon.
   425 | D        | Noticed a yak
   444 | D        | Killed a yak
   444 | D        | Reached *** piety under Trog
   444 | D        | Reached skill level 10 in Axes
   445 | D        | Found an opulent altar of Gozag.
   446 | D        | Found a sparkling altar of Nemelex Xobeh.
   552 | D        | Noticed Sonja
   610 | D        | Found Niegres's Distillery.
   618 | D        | Bought a potion of mutation for 96 gold pieces
   618 | D        | Bought a potion of mutation for 96 gold pieces
   622 | D        | Noticed a shining eye
   622 | D        | Noticed a shining eye
   622 | D        | Noticed a shining eye
   622 | D        | Noticed a shining eye
   622 | D        | Noticed a shining eye
   622 | D        | Noticed a shining eye
   623 | D        | Gained mutation: You are dopey. (Int -2) [a shining eye]
   623 | D        | Gained mutation: You are clumsy. (Dex -2) [a shining eye]
   623 | D        | Gained mutation: You expend magic power (3 MP) to strengthen your wands. [a shining eye]
   624 | D        | Noticed a shining eye
   624 | D        | Noticed a shining eye
   624 | D        | Paralysed by a floating eye for 4 turns
   624 | D        | Gained mutation: You are very clumsy. (Dex -4) [a shining eye]
   627 | D        | Gained mutation: You are somewhat resistant to further mutation. [a shining eye]
   631 | D        | Reached skill level 11 in Axes
   632 | D        | Reached skill level 10 in Fighting
   632 | D        | Reached XP level 8. HP: 57/57 MP: 8/8
   634 | D        | Reached **** piety under Trog
   637 | D        | Killed a shining eye
   637 | D        | Reached skill level 12 in Axes
   637 | D        | Reached skill level 10 in Armour
   638 | D        | Killed a shining eye
   638 | D        | Reached XP level 9. HP: 64/64 MP: 9/9
   638 | D        | Gained mutation: Scrolls take you a little longer to read. [a shining eye]
   639 | D        | Killed a shining eye
   639 | D        | Reached skill level 13 in Axes
   640 | D        | Killed a shining eye
   640 | D        | Reached ***** piety under Trog
   643 | D        | Gained mutation: Scrolls take you longer to read. [a shining eye]
   645 | D        | Killed a shining eye
   645 | D        | Reached skill level 14 in Axes
   646 | D        | Killed a shining eye
   646 | D        | Reached XP level 10. HP: 72/72 MP: 10/10
   646 | D        | Killed a shining eye
   646 | D        | Killed a shining eye
   653 | D        | Lost mutation: You expend magic power (3 MP) to strengthen your wands. [potion of mutation]
   653 | D        | Lost mutation: You are dopey. (Int -2) [potion of mutation]
   653 | D        | Lost mutation: You are very clumsy. (Dex -4) [potion of mutation]
   654 | D        | Lost mutation: Scrolls take you longer to read. [potion of mutation]
   654 | D        | Lost mutation: You are clumsy. (Dex -2) [potion of mutation]
   654 | D        | Lost mutation: You are somewhat resistant to further mutation. [potion of mutation]
   654 | D        | Gained mutation: You are weak. (Str -2) [potion of mutation]
   654 | D        | Gained mutation: Your spells are a little harder to cast, but a little more powerful. [potion of mutation]
   654 | D        | Lost mutation: Scrolls take you a little longer to read. [potion of mutation]
   657 | D        | Found Zawiubis's Assorted Antiques.
   657 | D        | Found Afonip's Antique Armour Shoppe.
   657 | D        | Found Lux Fimu's Magic Scroll Boutique.
   657 | D        | Found Upnaizxa's Antique Armour Emporium.
   731 | D        | Noticed a kobold demonologist
   734 | D        | Noticed a rust devil
   734 | D        | Noticed a kobold demonologist
   736 | D        | Paralysed by a floating eye for 4 turns
   742 | D        | Paralysed by a floating eye for 2 turns
   752 | D        | Killed Sonja
   752 | D        | Reached skill level 15 in Axes
   752 | D        | Paralysed by a floating eye for 3 turns
   763 | D        | Paralysed by a floating eye for 2 turns
   777 | D        | HP: 1/73 [demonic crawler (3)]
   777 | D        | Slain by a demonic crawler

Skill      XL: |  1  2  3  4  5  6  7  8  9 10 |
---------------+-------------------------------+-----
Fighting       | 4 6 7 8 10 11 12 13 | 13.4
Axes           | 4 6 8 9 11 12 14 15 | 15.3
Armour         | 3 5 7 8 9 11 12 13 | 13.2
Dodging        | |  1.5

Action                   |  1- 3 |  4- 6 |  7- 9 | 10-12 || total
-------------------------+-------+-------+-------+-------++-------
Melee: Hand axe          |    10 |    28 |    53 |    27 ||   118
Invok: Berserk           |     2 |     1 |     1 |     1 ||     5
       Brothers in Arms  |       |       |       |     3 ||     3
Evoke: Wand              |       |     1 |       |       ||     1
  Use: Scroll            |       |     1 |     1 |       ||     2
       Potion            |       |       |       |     3 ||     3
  Eat: Chunk             |       |       |     2 |     1 ||     3
Armor: Animal skin       |     2 |       |       |       ||     2
       Ring mail         |       |     7 |    32 |    69 ||   108
Dodge: Dodged            |     4 |     7 |    24 |    54 ||    89
